AoeStats
← |GaoeG| flamingo

Glade

503585514Analyzed
1v1 RM · 1mo ago on Sep 1, 2026· 31m 32s· 2 players
Game mode
Random Map
Map size
Tiny (2 player)
Population
200
Speed
Normal
Resources
Standard
Victory
Conquest
Starting age
Dark Age
Ending age
Imperial Age
RankedLock teamsTeams togetherTeam positionsShared explorationLock speedFull tech treeHidden civsTurbo modeCheats
Victory
Defeat
🇪🇸 Spanish · Spain
1380
+15
🇺🇸 Khitans · United States
1351
-15
Robot
8:30 Loom
10:59 Feudal Age
12:12 Double-Bit Axe
15:31 Castle Age
13:54 Domestication
24:37 Sanctity
25:14 Fervor
30:46 Imperial Age
29:33 Pastoralism
29:50 Scale Mail Armor
30:01 Forging
31:19 Fletching
31:30 Padded Archer Armor
|GaoeG| flamingo
9:20 Loom
11:30 Feudal Age
15:23 Castle Age
14:58 Double-Bit Axe
14:56 Horse Collar
16:41 Bow Saw
18:25 Heavy Plow
25:10 Gold Mining
26:50 Husbandry
27:04 Town Watch
28:00 Bloodlines
28:26 Scale Barding Armor
Connection lost

Rejoining the realm…

Still unreachable

The connection could not be restored.

Session expired

The server has moved on; the page needs a fresh start.